[Event "ENG-ch Women 2019"]
[Site "Hull"]
[Date "2019.08.31"]
[Round "2.6"]
[White "Denning, Julie L"]
[Black "Jaufarally, Nadia"]
[Result "0-1"]
[ECO "E73"]
[WhiteElo "1629"]
[BlackElo "1934"]
[Annotator "NA"]
[PlyCount "68"]
[EventDate "2019.08.30"]
[EventType "swiss"]
[EventCountry "ENG"]
[SourceTitle "playchess.com"]
[Source "ChessBase"]
[SourceQuality "1"]
[TimeControl "5400+30"]

1. d4 Nf6 2. c4 g6 3. Nc3 Bg7 4. Nf3 O-O 5. e4 d6 6. Bg5 Nbd7 7. Qd2 c6 8. Be2 e5 9. O-O-O {[%emt 0:06:50] E73: King's Indian: Averbakh Variation without 6...c5} (9. O-O Qc7 10. Rfe1 Re8 11. Bf1 exd4 12. Nxd4 Nc5 13. f3 a5 14. b3 Nfd7 15. Rab1 Nb6 16. Be3 Be6 17. Red1 Be5 18. Kh1 Qe7 {½-½ (54) Yilmazyerli,M (2436)-Kamer,K (2417) Antalya 2019}) 9... h6 $146 ({Predecessor:} 9... Qa5 10. h4 exd4 11. Nxd4 d5 12. Nb3 Qb4 13. exd5 cxd5 14. cxd5 Nc5 15. Nxc5 Qxc5 16. Qd4 Qxd4 17. Rxd4 {1-0 (34) Herega,N (1600)-Muhibic,C (1920) Sarajevo 2018}) 10. dxe5 dxe5 11. Bh4 Qe7 12. h3 g5 13. Nxg5 (13. Bg3 $15) 13... hxg5 14. Qxg5 Nc5 15. f4 Ne6 16. Qxe5 Re8 $1 17. Rd3 (17. g3 $14) 17... Nh7 (17... Nc5 $15 18. Qxe7 Nxd3+ 19. Bxd3 Rxe7) 18. Rg3 $2 (18. Qxg7+ $11 Kxg7 19. Bxe7 Rxe7 20. Rf1) 18... Qxh4 {[%emt 0:00:48] Double Attack} 19. f5 Qf4+ 20. Qxf4 Nxf4 21. Bd1 Kf8 22. Rf3 $19 Bxc3 23. Rxf4 Bg7 24. Rh4 Nf6 25. Bc2 Bd7 26. Kb1 Re5 27. Rf4 Rae8 28. Rd1 Bc8 29. Rdf1 Nxe4 30. Bxe4 Rxe4 31. f6 Bh6 32. R4f2 Re1+ 33. Rxe1 Rxe1+ 34. Kc2 Bg5 0-1

[Event "ENG-ch Women 2019"]
[Site "Hull"]
[Date "2019.08.31"]
[Round "2.7"]
[White "Posadas, Rayelynn"]
[Black "Maladkar, Lavanya"]
[Result "1/2-1/2"]
[ECO "B70"]
[WhiteElo "1885"]
[BlackElo "1647"]
[Annotator "NA"]
[PlyCount "101"]
[EventDate "2019.08.30"]
[EventType "swiss"]
[EventCountry "ENG"]
[SourceTitle "playchess.com"]
[Source "ChessBase"]
[SourceQuality "1"]
[TimeControl "5400+30"]

1. e4 c5 2. Nf3 d6 3. d4 cxd4 4. Nxd4 Nf6 5. Nc3 g6 6. Bc4 Bg7 7. O-O O-O 8. Bg5 Nc6 9. Nf3 Bg4 10. Be2 h6 11. Be3 g5 $146 {[%emt 0:09:13] B70: Sicilian Dragon: 6 g3 and 6 Be2 (without a later Be3)} ({Predecessor:} 11... Rc8 12. Nh4 Bxe2 13. Qxe2 Ne5 14. Bxa7 b6 15. Na4 Nfd7 16. Qb5 Nc4 17. Rac1 Qc7 18. b3 Na3 19. Qa6 {0-1 (35) Picazo Gonzalez,A-Fernandez Diaz,C Lorca 2003}) 12. Rb1 a6 13. Qd2 b5 14. b4 Bh5 15. h4 g4 16. Nh2 Kh7 17. Nd5 Nxe4 18. Bd3 Bg6 ({Black should try} 18... f5 $17 19. Qe2 e6 20. Bxe4 fxe4) 19. Bxe4 Bxe4 20. Nxg4 e6 21. Bxh6 (21. Ndf6+ $11 Bxf6 22. Bb6) 21... Qxh4 {[%emt 0:08:46] Double Attack} 22. Bxg7 Kxg7 23. Ndf6 $2 {[%emt 0:06:24] [#]} (23. Nf4 $17 Rh8 24. f3) 23... Bf3 $1 24. Qf4 Rh8 25. Qh2 Bxg4 26. Qxh4 Rxh4 27. g3 Kxf6 28. gxh4 Rh8 29. f3 Bf5 30. Rb2 Rxh4 31. c3 Ne5 32. Rd2 Bd3 33. Rff2 Rf4 34. Kg2 Bc4 35. Rxd6 Bd5 36. Rxa6 Bxf3+ 37. Kg3 Rg4+ 38. Kh3 Rc4 (38... Kg5 $142 39. Rd2 Kf4 40. Rd4+ Be4 41. Rxe4+ Kxe4) 39. Rb6 Rxc3 (39... Ke7 $142 40. Rxb5 Bd5) 40. Rxb5 {[%emt 0:00:01] [#]} Kf5 $2 ({Better is} 40... Re3 $1 $19 41. Kg3 Nc6) 41. Kg3 Ke4 {[%emt 0:00:32] [#]} 42. Rxe5+ $1 {[%emt 0:00:29] Remove Defender} Kxe5 43. Rxf3 Rxf3+ 44. Kxf3 f5 45. a4 Kd6 $11 46. Ke3 e5 47. a5 Kc6 48. a6 Kb6 49. b5 f4+ 50. Ke4 Ka7 51. Kf3 1/2-1/2

[Event "ENG-ch Women 2019"]
[Site "Hull"]
[Date "2019.08.31"]
[Round "2.8"]
[White "Milewska, Agnieszka"]
[Black "Jayawarna, Tarini"]
[Result "1-0"]
[ECO "E61"]
[WhiteElo "1660"]
[BlackElo "1337"]
[Annotator "NA"]
[PlyCount "83"]
[EventDate "2019.08.30"]
[EventType "swiss"]
[EventCountry "ENG"]
[SourceTitle "playchess.com"]
[Source "ChessBase"]
[SourceQuality "1"]
[TimeControl "5400+30"]

1. d4 Nf6 2. c4 g6 3. Nc3 Bg7 4. Nf3 O-O 5. Bf4 d6 6. e3 Nh5 7. Bg5 c6 8. Be2 f5 9. Nd2 Nf6 10. Bxf6 Bxf6 11. O-O e5 12. dxe5 dxe5 13. Qc2 Be6 14. Rad1 Qc7 15. e4 Kh8 16. Nb3 Na6 17. Qc1 Qe7 18. Nb1 fxe4 19. Qe3 Bg5 20. Qc3 Bf5 21. c5 Nc7 22. Bc4 Rad8 23. N1d2 Bf6 24. Rfe1 Nd5 25. Qc1 Bg5 26. Bxd5 Rxd5 27. Qc3 Rd3 28. Qc4 e3 29. fxe3 Bxe3+ 30. Kh1 Bxd2 31. Rxd2 Rxd2 32. Nxd2 e4 33. h3 e3 34. Qd4+ Rf6 35. Rxe3 Qf8 36. g4 Bc8 37. g5 Bxh3 38. Rxh3 Qe7 39. Qxf6+ Qg7 40. Ne4 b5 41. Qxg7+ Kxg7 42. Ra3 1-0

[Event "ENG-ch Women 2019"]
[Site "Hull"]
[Date "2019.08.31"]
[Round "2.9"]
[White "Anika Rachna Roy"]
[Black "Jayawarna, Thisumi"]
[Result "0-1"]
[ECO "A65"]
[WhiteElo "1380"]
[BlackElo "1125"]
[Annotator "NA"]
[PlyCount "78"]
[EventDate "2019.08.30"]
[EventType "swiss"]
[EventCountry "ENG"]
[SourceTitle "playchess.com"]
[Source "ChessBase"]
[SourceQuality "1"]
[TimeControl "5400+30"]

1. d4 Nf6 2. c4 c5 3. d5 e6 4. Nc3 exd5 5. cxd5 d6 6. e4 g6 7. Nge2 Bg7 8. Ng3 O-O 9. Be2 Re8 10. O-O a6 11. Rb1 b5 12. b4 c4 13. Be3 Bd7 14. Bf3 Rf8 15. a4 Qc8 16. h3 Be8 17. Nge2 bxa4 18. Nxa4 Bxa4 19. Qxa4 Nbd7 20. Nc3 Ne5 21. Be2 Re8 22. Qc2 Qc7 23. f3 Rac8 24. Na4 Nh5 25. Nb6 Ng3 26. Nxc8 Nxf1 27. Nxd6 Nxe3 28. Nxe8 Qd7 29. Qd2 Qa7 30. Nd6 Nf5+ 31. Kh1 Nxd6 32. Qf4 c3 33. Rc1 Qb6 34. Rxc3 Qxb4 35. Rc1 Qb2 36. Qe3 Qb4 37. Bxa6 h5 38. Bd3 Nxd3 39. Qxd3 Qd4 0-1

[Event "ENG-ch Women 2019"]
[Site "Hull"]
[Date "2019.08.31"]
[Round "2.11"]
[White "Arora, Tashika"]
[Black "Kumaar, Sai Chinmayee N"]
[Result "1/2-1/2"]
[ECO "D02"]
[WhiteElo "1447"]
[BlackElo "1622"]
[Annotator "NA"]
[PlyCount "91"]
[EventDate "2019.08.30"]
[EventType "swiss"]
[EventCountry "ENG"]
[SourceTitle "playchess.com"]
[Source "ChessBase"]
[SourceQuality "1"]
[TimeControl "5400+30"]

1. d4 d5 2. Nf3 Nc6 3. Bf4 Bf5 4. e3 a6 5. Be2 e6 6. O-O Nf6 7. c4 Bd6 8. Bxd6 Qxd6 9. Nc3 Ne7 10. Qb3 Rb8 11. Rac1 c6 12. cxd5 exd5 13. Na4 Nd7 14. Qc3 Ng6 15. Nc5 Qe7 16. Nxd7 Qxd7 17. Qc5 Rc8 18. a4 Qe7 19. b4 Qxc5 20. Rxc5 Bd7 21. Rfc1 Ke7 22. Kf1 f6 23. h3 Rhd8 24. g4 Nf8 25. Nd2 g6 26. R5c3 Ne6 27. Nb3 Rc7 28. b5 axb5 29. axb5 Rcc8 30. bxc6 Rxc6 31. Rxc6 bxc6 32. Kg2 Rc8 33. Kg3 Kd6 34. Nc5 Nxc5 35. Rxc5 Rh8 36. f4 f5 37. g5 h6 38. h4 hxg5 39. hxg5 Re8 40. Kf3 Rh8 41. Kg2 Re8 42. Kf2 Rh8 43. Kg2 Re8 44. Kf3 Rh8 45. Kg2 Re8 46. Kf3 {[%emt 0:02:13] Ke5 Ke4+} 1/2-1/2

[Event "ENG-ch Women 2019"]
[Site "Hull"]
[Date "2019.08.31"]
[Round "2.12"]
[White "Pettit, Felicity Ol"]
[Black "Maladkar, Ritika"]
[Result "0-1"]
[ECO "A30"]
[WhiteElo "1233"]
[BlackElo "1561"]
[Annotator "NA"]
[PlyCount "82"]
[EventDate "2019.08.30"]
[EventType "swiss"]
[EventCountry "ENG"]
[SourceTitle "playchess.com"]
[Source "ChessBase"]
[SourceQuality "1"]
[TimeControl "5400+30"]

1. c4 b6 2. Nf3 Bb7 3. g3 e6 4. Bg2 Nf6 5. O-O Be7 6. Nc3 O-O 7. d3 c5 8. Bf4 a6 9. a3 d5 10. cxd5 Nxd5 11. Nxd5 Bxd5 12. Qd2 f6 13. Qc2 Ra7 14. Rfd1 e5 15. Bd2 Rc7 16. b3 Nc6 17. Rdb1 Qd7 18. e4 Be6 19. Be3 Rfc8 20. Qd2 Nd4 21. Qd1 Bg4 22. Ra2 Nxf3+ 23. Bxf3 Bxf3 24. Qxf3 Qxd3 25. Raa1 b5 26. Qf5 Qd7 27. Qf3 Qe6 28. Qd1 c4 29. bxc4 Rxc4 30. Qf3 Rc3 31. a4 b4 32. Qe2 Rc2 33. Qe1 b3 34. Bc1 Bc5 35. Rb2 Bxf2+ 36. Qxf2 Rxf2 37. Kxf2 Qc4 38. Kg1 Qd3 39. Rab1 Qd1+ 40. Kg2 Rc2+ 41. Rxc2 Qxc2+ 0-1

[Event "ENG-ch Women 2019"]
[Site "Hull"]
[Date "2019.08.31"]
[Round "2.13"]
[White "Bridgeman, Niamh"]
[Black "Chaban, Roxolana"]
[Result "1-0"]
[ECO "A03"]
[WhiteElo "1511"]
[BlackElo "1281"]
[Annotator "NA"]
[PlyCount "63"]
[EventDate "2019.08.30"]
[EventType "swiss"]
[EventCountry "ENG"]
[SourceTitle "playchess.com"]
[Source "ChessBase"]
[SourceQuality "1"]
[TimeControl "5400+30"]

1. f4 d5 2. Nf3 Nf6 3. e3 g6 4. Be2 Bg7 5. O-O O-O 6. d3 c5 7. Nc3 Bf5 8. Nd2 d4 9. Nce4 Nxe4 10. Nxe4 c4 11. g4 Bxe4 12. dxe4 c3 13. b3 Qb6 14. Qd3 Rd8 15. Qb5 Qxb5 16. Bxb5 a6 17. Bd3 Nc6 18. a3 b5 19. Rd1 dxe3 20. Bxe3 b4 21. a4 a5 22. e5 e6 23. Be4 Rxd1+ 24. Rxd1 Rc8 25. Bxc6 Rxc6 26. Rd8+ Bf8 27. f5 h5 28. Bh6 hxg4 29. f6 Rc5 30. Bxf8 Rxe5 31. Bg7+ Kh7 32. Rh8# 1-0

[Event "ENG-ch Women 2019"]
[Site "Hull"]
[Date "2019.08.31"]
[Round "2.14"]
[White "Mackenzie, Kira"]
[Black "Headlong, Georgia"]
[Result "0-1"]
[ECO "D02"]
[WhiteElo "1142"]
[BlackElo "1482"]
[Annotator "NA"]
[PlyCount "104"]
[EventDate "2019.08.30"]
[EventType "swiss"]
[EventCountry "ENG"]
[SourceTitle "playchess.com"]
[Source "ChessBase"]
[SourceQuality "1"]
[TimeControl "5400+30"]

1. d4 Nf6 2. Nf3 e6 3. Bf4 b6 4. e3 Bb7 5. Nbd2 Be7 6. Bd3 d5 7. h3 Ne4 8. c3 Nd7 9. Qc2 f5 10. Bxe4 fxe4 11. Ne5 Nxe5 12. Bxe5 Bf6 13. Bg3 O-O 14. c4 Bh4 15. O-O-O Bxg3 16. fxg3 Rf2 17. Rhg1 Qd6 18. Rdf1 Raf8 19. Rxf2 Rxf2 20. Qa4 a5 21. Rf1 Rxf1+ 22. Nxf1 Bc6 23. Qc2 e5 24. c5 bxc5 25. Qxc5 Qxc5+ 26. dxc5 Kf7 27. Nd2 Ke6 28. Nb3 a4 29. Na5 Bb5 30. b4 axb3 31. Nxb3 Bc4 32. Kd2 Kd7 33. Kc3 Bxb3 34. axb3 Kc6 35. b4 Kb5 36. g4 g5 37. g3 h6 38. h4 Kc6 39. Kb3 d4 40. exd4 exd4 41. Kc4 e3 42. b5+ Kd7 43. Kd3 Ke6 44. b6 cxb6 45. cxb6 Kd6 46. Kxd4 e2 47. b7 Kc7 48. Kd3 e1=Q 49. hxg5 hxg5 50. b8=Q+ Kxb8 {[%emt 0:00:00] Kc3 Qxg3+} 51. Kc2 {[%emt 0:00:00] Qxg4 Kd2} Qe4+ 52. Kc1 {[%emt 0:00:00] g4 Kd2 g3 Kc3 g2 Kb2 g1=R Ka3 Rg3+ Kb2} Qe2 {[%emt 0:00:00] Kc1 Rg1#} 0-1

[Event "ENG-ch Women 2019"]
[Site "Hull"]
[Date "2019.08.31"]
[Round "2.15"]
[White "Boztas, Lana"]
[Black "Cakova, Monika"]
[Result "1-0"]
[ECO "A10"]
[WhiteElo "1475"]
[BlackElo "1150"]
[Annotator "NA"]
[PlyCount "27"]
[EventDate "2019.08.30"]
[EventType "swiss"]
[EventCountry "ENG"]
[SourceTitle "playchess.com"]
[Source "ChessBase"]
[SourceQuality "1"]
[TimeControl "5400+30"]

1. c4 b6 2. Nc3 Bb7 3. Nf3 e6 4. a3 c5 5. d3 Nc6 6. Bf4 Nf6 7. Nb5 Rc8 8. Nd6+ Bxd6 9. Bxd6 h6 10. e4 Nd4 11. Nxd4 cxd4 12. e5 Nh7 13. h4 f6 14. Qh5+ 1-0

[Event "ENG-ch Women 2019"]
[Site "Hull"]
[Date "2019.08.31"]
[Round "3.1"]
[White "Jaufarally, Nadia"]
[Black "Toma, Katarzyna"]
[Result "0-1"]
[ECO "B33"]
[WhiteElo "1934"]
[BlackElo "2229"]
[Annotator "NA"]
[PlyCount "78"]
[EventDate "2019.08.30"]
[EventType "swiss"]
[EventCountry "ENG"]
[SourceTitle "playchess.com"]
[Source "ChessBase"]
[SourceQuality "1"]
[TimeControl "5400+30"]

1. e4 c5 2. Nf3 Nc6 3. d4 cxd4 4. Nxd4 Nf6 5. Nc3 e5 6. Ndb5 d6 7. Bg5 a6 8. Na3 b5 9. Bxf6 gxf6 10. Nd5 Bg7 11. Bd3 Be6 12. O-O f5 13. c3 Bxd5 14. exd5 Ne7 15. Qh5 e4 16. Be2 Qc8 17. Rad1 Ng6 18. Qg5 O-O 19. f3 Qc5+ 20. Kh1 Rae8 21. fxe4 f4 22. Bd3 Re5 23. Qg4 h5 24. Qf3 Rg5 25. Qf2 Qc8 26. Nc2 Kh8 27. Ne1 Rg8 28. Rc1 Qd8 29. Nf3 Rg4 30. Be2 h4 31. Nd4 Rg5 32. Nf5 Be5 33. Nxh4 Nxh4 34. Qxh4+ Kg7 35. Qf2 Rh8 36. h3 Rg3 37. Bf3 Qg5 38. Kh2 Qh4 39. Rc2 Qxh3+ 0-1

[Event "ENG-ch Women 2019"]
[Site "Hull"]
[Date "2019.08.31"]
[Round "3.2"]
[White "Longson, Sarah N"]
[Black "Head, Louise"]
[Result "0-1"]
[ECO "B14"]
[WhiteElo "2095"]
[BlackElo "2092"]
[Annotator "NA"]
[PlyCount "42"]
[EventDate "2019.08.30"]
[EventType "swiss"]
[EventCountry "ENG"]
[SourceTitle "playchess.com"]
[Source "ChessBase"]
[SourceQuality "1"]
[TimeControl "5400+30"]

1. e4 c6 2. d4 d5 3. exd5 cxd5 4. c4 Nf6 5. Nc3 e6 6. Bg5 Be7 7. Nf3 O-O 8. cxd5 Nxd5 9. Nxd5 Bxg5 10. h4 Bf6 11. Nxf6+ Qxf6 12. Ne5 Nc6 13. Nxc6 bxc6 14. Qa4 e5 15. O-O-O Qxf2 16. Rd2 Qf4 17. Bd3 exd4 18. Qxc6 Be6 19. Qe4 Rfc8+ 20. Kb1 Qxd2 21. Qxh7+ Kf8 0-1

[Event "ENG-ch Women 2019"]
[Site "Hull"]
[Date "2019.08.31"]
[Round "3.3"]
[White "Bhatia, Kanwal K"]
[Black "Varney, Zoe"]
[Result "1-0"]
[ECO "C52"]
[WhiteElo "2044"]
[BlackElo "1975"]
[Annotator "NA"]
[PlyCount "109"]
[EventDate "2019.08.30"]
[EventType "swiss"]
[EventCountry "ENG"]
[SourceTitle "playchess.com"]
[Source "ChessBase"]
[SourceQuality "1"]
[TimeControl "5400+30"]

1. e4 e5 2. Nf3 Nc6 3. Bc4 Bc5 4. b4 Bxb4 5. c3 Ba5 6. d4 exd4 7. Qb3 Qe7 8. O-O Bb6 9. Ba3 d6 10. cxd4 Nxd4 11. Nxd4 Bxd4 12. Nc3 Nf6 13. Rad1 Bxc3 14. Qxc3 O-O 15. e5 Ne4 16. Qd4 Qxe5 17. Qxe5 dxe5 18. Bxf8 Kxf8 19. Rfe1 Nd6 20. Rxe5 Bd7 21. Bd5 Re8 22. Rxe8+ Kxe8 23. Kf1 Bb5+ 24. Ke1 Bc4 25. Bxc4 Nxc4 26. Rd4 Nd6 27. Kd2 Kd7 28. Rd3 c5 29. Kc2 Kc6 30. Re3 Nf5 31. Re8 b5 32. Ra8 Kb7 33. Rf8 f6 34. Rf7+ Kb6 35. g4 Nd4+ 36. Kb2 Nf3 37. h3 Ng5 38. Rxg7 Nxh3 39. Rf7 c4 40. Rxf6+ Kc5 41. Rf5+ Kb4 42. Rf3 Ng5 43. Re3 a5 44. f4 Nf7 45. f5 Ka4 46. Re7 Ng5 47. f6 b4 48. f7 c3+ 49. Kb1 Nxf7 50. Rxf7 Ka3 51. Rf3 a4 52. Rh3 h6 53. Rf3 b3 54. Rxc3 Kb4 55. Rh3 1-0

[Event "ENG-ch Women 2019"]
[Site "Hull"]
[Date "2019.08.31"]
[Round "3.4"]
[White "Jayawarna, Thisumi"]
[Black "Posadas, Rayelynn"]
[Result "0-1"]
[ECO "C58"]
[WhiteElo "1125"]
[BlackElo "1885"]
[Annotator "NA"]
[PlyCount "48"]
[EventDate "2019.08.30"]
[EventType "swiss"]
[EventCountry "ENG"]
[SourceTitle "playchess.com"]
[Source "ChessBase"]
[SourceQuality "1"]
[TimeControl "5400+30"]

1. e4 e5 2. Nf3 Nc6 3. Bc4 Nf6 4. Ng5 d5 5. exd5 Na5 6. Bb5+ Bd7 7. Bxd7+ Qxd7 8. Nc3 Nxd5 9. Qe2 O-O-O 10. O-O f6 11. Nge4 Nc6 12. Nxd5 Qxd5 13. c3 f5 14. Ng3 g6 15. b4 h5 16. f3 Bxb4 17. cxb4 Qd4+ 18. Qf2 Qxa1 19. b5 Nd4 20. d3 Qc3 21. Rd1 Nxb5 22. Bb2 Qc6 23. Bxe5 Rhe8 24. d4 Rxe5 0-1

[Event "ENG-ch Women 2019"]
[Site "Hull"]
[Date "2019.08.31"]
[Round "3.5"]
[White "Maladkar, Lavanya"]
[Black "Headlong, Fenella"]
[Result "1/2-1/2"]
[ECO "E14"]
[WhiteElo "1647"]
[BlackElo "1761"]
[Annotator "NA"]
[PlyCount "63"]
[EventDate "2019.08.30"]
[EventType "swiss"]
[EventCountry "ENG"]
[SourceTitle "playchess.com"]
[Source "ChessBase"]
[SourceQuality "1"]
[TimeControl "5400+30"]

1. d4 d5 2. c4 e6 3. Nc3 Nf6 4. Nf3 Be7 5. e3 O-O 6. Qc2 b6 7. b3 Bb7 8. Be2 Nbd7 9. O-O c5 10. Bb2 Rc8 11. Rac1 cxd4 12. Nxd4 a6 13. Qd2 Bb4 14. f3 dxc4 15. Bxc4 b5 16. Be2 Nd5 17. a3 Bxc3 18. Bxc3 Nxc3 19. Rxc3 Rxc3 20. Qxc3 Qb6 21. Rd1 Rc8 22. Qd2 Nf6 23. a4 b4 24. Kh1 Nd5 25. Bc4 Nc3 26. Rf1 e5 27. Nf5 Rd8 28. Qf2 Qf6 29. g4 Rd7 30. h3 g6 31. Nh6+ Kf8 32. Nf5 1/2-1/2

[Event "ENG-ch Women 2019"]
[Site "Hull"]
[Date "2019.08.31"]
[Round "3.6"]
[White "Zhu, Yaoyao"]
[Black "Milewska, Agnieszka"]
[Result "1/2-1/2"]
[ECO "C54"]
[WhiteElo "1842"]
[BlackElo "1660"]
[Annotator "NA"]
[PlyCount "54"]
[EventDate "2019.08.30"]
[EventType "swiss"]
[EventCountry "ENG"]
[SourceTitle "playchess.com"]
[Source "ChessBase"]
[SourceQuality "1"]
[TimeControl "5400+30"]

1. e4 e5 2. Nf3 Nc6 3. Bc4 Bc5 4. c3 Nf6 5. d3 O-O 6. Bb3 d6 7. Nbd2 Bg4 8. Nf1 h6 9. h3 Bh5 10. Ng3 Bg6 11. O-O Kh7 12. Be3 Bxe3 13. fxe3 d5 14. exd5 Nxd5 15. Qe2 f5 16. Bxd5 Qxd5 17. Nh4 Qe6 18. e4 f4 19. Nxg6 Qxg6 20. Nf5 Rad8 21. Rad1 Rd7 22. d4 Ne7 23. Qb5 Nxf5 24. exf5 Qxf5 25. Qxe5 Qxe5 26. dxe5 Re7 27. Rd4 Rxe5 1/2-1/2

[Event "ENG-ch Women 2019"]
[Site "Hull"]
[Date "2019.08.31"]
[Round "3.7"]
[White "Gamal, Alaa"]
[Black "Bridgeman, Niamh"]
[Result "0-1"]
[ECO "A21"]
[WhiteElo "1762"]
[BlackElo "1511"]
[Annotator "NA"]
[PlyCount "144"]
[EventDate "2019.08.30"]
[EventType "swiss"]
[EventCountry "ENG"]
[SourceTitle "playchess.com"]
[Source "ChessBase"]
[SourceQuality "1"]
[TimeControl "5400+30"]

1. c4 f5 2. g3 Nf6 3. Bg2 d6 4. Nc3 e5 5. e3 Be7 6. Nge2 O-O 7. O-O c6 8. d4 e4 9. h4 Bd7 10. b3 Na6 11. Nf4 Nc7 12. d5 c5 13. a4 a6 14. a5 Qe8 15. Ba3 Ng4 16. Qd2 Bf6 17. Rac1 Be5 18. Nce2 h6 19. h5 Qd8 20. Ng6 Re8 21. Nef4 Qg5 22. Rb1 Red8 23. f3 Nxe3 24. Nxe5 Nxf1 25. Qf2 dxe5 26. Nh3 Qxg3 27. Rxf1 Qxf2+ 28. Kxf2 exf3 29. Bxf3 Ne8 30. Bxc5 Nf6 31. Bd6 f4 32. Ng1 e4 33. Bd1 e3+ 34. Kg2 Bh3+ 35. Nxh3 Rxd6 36. Nxf4 Re8 37. Ne6 Ne4 38. Rg1 Ng5 39. Nxg5 hxg5 40. Kf3 e2 41. Bxe2 Rf6+ 42. Kg4 Rxe2 43. Kxg5 Re3 44. Rb1 Rff3 45. d6 Rd3 46. c5 Kf7 47. Re1 Rfe3 48. Rf1+ Ke6 49. Kg6 Rd5 50. Kxg7 Rg3+ 51. Kh6 Rxc5 52. Rd1 Rd5 53. Rh1 Kxd6 54. Kh7 Rgg5 55. h6 Kc6 56. Rc1+ Rc5 57. Re1 Kb5 58. Re7 b6 59. axb6 Kxb6 60. Re8 Kb7 61. Kh8 Rc8 62. Rxc8 Kxc8 63. h7 Kb7 64. b4 Rh5 65. Kg8 Kb6 66. h8=Q Rxh8+ 67. Kxh8 Kb5 68. Kg7 Kxb4 69. Kf6 a5 70. Ke5 a4 71. Kd4 a3 72. Kd3 a2 0-1

[Event "ENG-ch Women 2019"]
[Site "Hull"]
[Date "2019.08.31"]
[Round "3.8"]
[White "Sheikh, Anum"]
[Black "Boztas, Lana"]
[Result "1-0"]
[ECO "B09"]
[WhiteElo "1693"]
[BlackElo "1475"]
[Annotator "NA"]
[PlyCount "63"]
[EventDate "2019.08.30"]
[EventType "swiss"]
[EventCountry "ENG"]
[SourceTitle "playchess.com"]
[Source "ChessBase"]
[SourceQuality "1"]
[TimeControl "5400+30"]

1. e4 g6 2. d4 Bg7 3. Nc3 c6 4. f4 d6 5. Nf3 Nf6 6. Bd3 O-O 7. O-O a6 8. e5 dxe5 9. fxe5 Nd5 10. Ne4 Bg4 11. c3 Nd7 12. h3 Bf5 13. Qe2 Qb6 14. Kh1 Rac8 15. a3 Bxe4 16. Bxe4 e6 17. c4 Ne7 18. b4 Qc7 19. Bb2 b5 20. cxb5 cxb5 21. Rac1 Qb8 22. Nh2 Nb6 23. Rxc8 Nexc8 24. Ng4 Qa7 25. Nf6+ Kh8 26. Qg4 Nc4 27. Qh4 h6 28. Bc1 h5 29. Nxh5 Kg8 30. Nxg7 Kxg7 31. Bh6+ Kg8 32. Qf6 1-0

[Event "ENG-ch Women 2019"]
[Site "Hull"]
[Date "2019.08.31"]
[Round "3.9"]
[White "Headlong, Georgia"]
[Black "Denning, Julie L"]
[Result "0-1"]
[ECO "B23"]
[WhiteElo "1482"]
[BlackElo "1629"]
[Annotator "NA"]
[PlyCount "148"]
[EventDate "2019.08.30"]
[EventType "swiss"]
[EventCountry "ENG"]
[SourceTitle "playchess.com"]
[Source "ChessBase"]
[SourceQuality "1"]
[TimeControl "5400+30"]

1. e4 c5 2. Nc3 d6 3. g3 Nf6 4. Bg2 e5 5. d3 Be7 6. h3 Be6 7. Be3 a6 8. Nge2 b5 9. f4 Ra7 10. f5 Bd7 11. g4 h6 12. Ng3 b4 13. Nce2 Rc7 14. Qd2 a5 15. a3 Bc6 16. axb4 axb4 17. c3 bxc3 18. bxc3 Nbd7 19. d4 cxd4 20. cxd4 Nb6 21. Qd3 Qd7 22. Rb1 Nc8 23. dxe5 dxe5 24. Qxd7+ Rxd7 25. Kf2 O-O 26. Rhd1 Rfd8 27. Rxd7 Nxd7 28. Rc1 Bb7 29. Rc7 Ba6 30. Nc3 Bd6 31. Rc6 Nb8 32. Rxa6 Nxa6 33. Nd5 f6 34. Bf1 Nc5 35. Bc4 Kf8 36. h4 Rd7 37. g5 hxg5 38. hxg5 fxg5 39. Bxg5 Rb7 40. Kf3 Rb2 41. Nf1 Nb6 42. Nxb6 Rxb6 43. Ne3 Rb1 44. Bd5 Nd7 45. Ng4 Rh1 46. Kg3 Rh5 47. Bh4 Be7 48. Bxe7+ Kxe7 49. Be6 Nc5 50. Bd5 Nd3 51. Nf2 Nf4 52. Bc4 Kd6 53. Nd3 Rh8 54. Nxf4 exf4+ 55. Kxf4 Rh4+ 56. Ke3 Ke5 57. Bd5 Rh3+ 58. Kd2 Rh4 59. Ke3 Rh3+ 60. Kd2 Rh1 61. Kd3 Rd1+ 62. Kc4 Rd4+ 63. Kc3 Rxe4 64. Be6 g5 65. Kd3 Rf4 66. Ke3 g4 67. f6 Rf3+ 68. Ke2 Kxe6 69. f7 Kxf7 70. Ke1 Kf6 71. Ke2 Kf5 72. Ke1 Kf4 73. Ke2 g3 74. Ke1 g2 0-1

[Event "ENG-ch Women 2019"]
[Site "Hull"]
[Date "2019.08.31"]
[Round "3.10"]
[White "Ball, Katie C"]
[Black "Sengenberger, Sara"]
[Result "1-0"]
[ECO "A46"]
[WhiteElo "1472"]
[BlackElo "1570"]
[Annotator "NA"]
[PlyCount "143"]
[EventDate "2019.08.30"]
[EventType "swiss"]
[EventCountry "ENG"]
[SourceTitle "playchess.com"]
[Source "ChessBase"]
[SourceQuality "1"]
[TimeControl "5400+30"]

1. d4 Nf6 2. Nf3 e6 3. Bg5 Bb4+ 4. c3 Be7 5. Nbd2 d5 6. e3 O-O 7. Ne5 h6 8. Bh4 Nbd7 9. f4 c5 10. Bd3 c4 11. Bb1 Ne4 12. Bxe7 Qxe7 13. Nxe4 dxe4 14. Nxd7 Qxd7 15. Bxe4 Rb8 16. O-O b5 17. Qe2 Bb7 18. Bxb7 Rxb7 19. Rf3 f5 20. Rh3 Qf7 21. Kh1 Qf6 22. g4 g5 23. fxg5 hxg5 24. Rf1 Rh7 25. Rxh7 Kxh7 26. gxf5 exf5 27. e4 f4 28. e5 Qc6+ 29. Qg2 Qg6 30. h3 Rg8 31. Re1 Re8 32. Qe4 Qxe4+ 33. Rxe4 f3 34. Kg1 Kg6 35. Kf2 Rh8 36. Kxf3 Kf5 37. Re2 Rxh3+ 38. Kg2 g4 39. e6 Rh8 40. e7 Re8 41. d5 Kf6 42. d6 Kf7 43. Kf2 a5 44. d7 Rxe7 45. d8=Q g3+ 46. Kf1 Ra7 47. Qe8+ Kf6 48. Qf8+ Kg6 49. Rg2 Rf7+ 50. Qxf7+ Kxf7 51. Rxg3 b4 52. Re3 b3 53. a3 Kf6 54. Re4 Kf5 55. Rxc4 Ke5 56. Ke2 Kd5 57. Kd3 a4 58. Re4 Kc5 59. c4 Kc6 60. Re5 Kd6 61. Kd4 Kc6 62. Rb5 Kd6 63. Rb6+ Kc7 64. Kc5 Kd7 65. Kd5 Kc7 66. Rd6 Kb7 67. Rc6 Ka7 68. Kc5 Kb7 69. Kb5 Ka8 70. Rc7 Kb8 71. Kb6 Ka8 72. Rc8# 1-0

[Event "ENG-ch Women 2019"]
[Site "Hull"]
[Date "2019.08.31"]
[Round "3.12"]
[White "Jayawarna, Tarini"]
[Black "Arora, Tashika"]
[Result "0-1"]
[ECO "B78"]
[WhiteElo "1337"]
[BlackElo "1447"]
[Annotator "NA"]
[PlyCount "90"]
[EventDate "2019.08.30"]
[EventType "swiss"]
[EventCountry "ENG"]
[SourceTitle "playchess.com"]
[Source "ChessBase"]
[SourceQuality "1"]
[TimeControl "5400+30"]

1. e4 c5 2. Nf3 d6 3. d4 cxd4 4. Nxd4 Nf6 5. Nc3 g6 6. Be3 Bg7 7. f3 O-O 8. Bc4 Nc6 9. Qd2 Bd7 10. O-O-O Rc8 11. Bb3 Na5 12. g4 Nxb3+ 13. Nxb3 a6 14. h4 h5 15. gxh5 Nxh5 16. Nd4 b5 17. Nde2 Qa5 18. Kb1 Rfe8 19. Rdg1 Be6 20. Bd4 Bxa2+ 21. Kc1 Bc4 22. Bxg7 Kxg7 23. Qe3 Bxe2 24. Qxe2 Rxc3 25. bxc3 Ng3 26. Rxg3 Qa1+ 27. Kd2 Qxh1 28. Rg4 Rh8 29. Qf2 e5 30. Kd3 Qd1+ 31. Ke3 Rc8 32. Qd2 Qa1 33. Qxd6 Qxc3+ 34. Kf2 Qc5+ 35. Qxc5 Rxc5 36. Rg1 Rxc2+ 37. Ke3 a5 38. Kd3 Rc8 39. Rb1 b4 40. Rb3 Rc3+ 41. Rxc3 bxc3 42. Kxc3 Kh6 43. Kb3 Kh5 44. Ka4 Kxh4 45. Kxa5 Kg3 0-1